 Dungeon Crawl Stone Soup version 0.30.1-11-g7821555f0a (webtiles) character file.

Game seed: 3498309006875705027

5 H0rd4k the Charlatan (level 1, 0/13 HPs)
             Began as an Octopode Artificer on Nov 8, 2023.
             Slain by a hobgoblin (5 damage)
             ... on level 2 of the Dungeon.
             The game lasted 00:00:24 (290 turns).

H0rd4k the Charlatan (Octopode Artificer)            Turns: 290, Time: 00:00:24

Health: 0/13       AC:  1    Str: 11    XL:     1   Next: 80%
Magic:  1/1        EV: 13    Int: 13    God:
Gold:   0          SH:  0    Dex: 12    Spells: 0/0 levels left

rFire   . . .        (no weapon)
rCold   . . .        (no shield)
rNeg    . . .        (helmet restricted)
rPois   .            (no amulet)
rElec   .            (no ring)
rCorr   .            (no ring)
SInv    .            (no ring)
Will    .....        (no ring)
Stlth   +++          (no ring)
HPRegen 0.22/turn    (no ring)
MPRegen 0.07/turn    (no ring)
                     (no ring)

%: no passive effects
@: no status effects
A: almost no armour, amphibious, 8 rings, camouflage 1, gelatinous body 1,
(nimble swimmer 1), tentacles
a: no special abilities


You were on level 2 of the Dungeon.
You visited 1 branch of the dungeon, and saw 2 of its levels.

Inventory:

Wands
 b - a wand of flame (15) (quivered)
 c - a wand of charming (15)
 d - a wand of iceblast (5)
Potions
 a - a potion of heal wounds {unknown}


   Skills:
 + Level 1.0 Fighting
 + Level 2.4 Dodging
 - Level 1.3 Stealth
 + Level 3.6 Evocations


You couldn't memorise any spells.
You didn't know any spells.
Your spell library was empty.

Dungeon Overview and Level Annotations

Branches:
Dungeon (1/15)

Altars:

Shops:
D:1 [


Innate Abilities, Weirdness & Mutations

You cannot wear most types of armour.
You are amphibious.
You can wear up to eight rings at the same time.
Your skin changes colour to match your surroundings (Stealth+).
Your rubbery body absorbs attacks. (AC +1, EV +1)
((You are camouflaged when in or above water. (Stealth+)))
You have tentacles for arms and can constrict up to eight enemies at once.


Message History

A rat comes into view.
A rat is nearby!
Found 2 stones.
You tentacle-slap the rat. You grab the rat.
The rat is moderately wounded.
You constrict the rat. The rat barely misses you.
You barely miss the rat.
The rat is severely wounded.
You constrict the rat.
You kill the rat!
No target in view!
No target in view!
No target in view!
Found a hand axe.
Found a ring mail.
No target in view!
A hobgoblin comes into view.
A hobgoblin is nearby!
The helpless hobgoblin fails to defend itself.
You tentacle-slap the hobgoblin but do no damage.
Your grab misses the hobgoblin. Your squeeze misses the hobgoblin.
The hobgoblin barely misses you.
You tentacle-slap the hobgoblin but do no damage.
Your grab misses the hobgoblin.
You squeeze the hobgoblin, but do no damage.
The hobgoblin closely misses you.
You tentacle-slap the hobgoblin but do no damage.
Your grab misses the hobgoblin. Your squeeze misses the hobgoblin.
The hobgoblin hits you.
You completely miss the hobgoblin. Your grab misses the hobgoblin.
The hobgoblin misses you.
You barely miss the hobgoblin. You grab the hobgoblin.
You constrict the hobgoblin. The hobgoblin hits you.
A hobgoblin is nearby!
A hobgoblin is nearby!
You are too injured to fight recklessly!
You tentacle-slap the hobgoblin.
The hobgoblin is moderately wounded.
You constrict the hobgoblin. The hobgoblin hits you.
You die...

...#....##..###.#..#
#....#..........#..#
#.......##.........#
#..................
#......#.....†.###.
#......#.......# #.
#..............# #.
####...#####..## #.
#.@..#.# ##.(.## ##
#g####.# #.....## #
... ##.##..#.#..###
#.#####...####.###.##
##....[....# ♣.♣ #.##
#.####....#♣♣.♣♣#...
####..............
#......##♣♣.♣♣#...
#.##...# ♣.♣ #.).


You could see a hobgoblin.

Vanquished Creatures
  A giant cockroach (D:1)
  2 hobgoblins
  A bat (D:1)
  A rat (D:2)
5 creatures vanquished.

Notes
Turn   | Place    | Note
-------+----------+-------------------------------------------
     0 | D:1      | H0rd4k the Octopode Artificer began the quest for the Orb.
     0 | D:1      | Reached XP level 1. HP: 13/13 MP: 1/1
    87 | D:1      | Found Kozxiqo's Antique Armour Boutique.
   125 | D:1      | Found a faded altar of an unknown god.
   218 | D:1      | You fall into a shaft and drop 1 floor!
   290 | D:2      | Slain by a hobgoblin

Illustrated notes

Levels and vault maps discovered:
D:1:      dpeg_arrival_boxes_within_box, layout_basic,
          shapermc_ecumenical_altar_ellora, serial_shops, nicolae_shop_stone,
          nrook_campfire, columned_hall_lemuel, minmay_fountain_box,
          minmay_pentomino_u2
D:2:      layout_rooms, minmay_tree_intersection

Action                     || total
---------------------------++-------
  Melee: Unarmed           ||    18
         Constrict         ||     5
         Tentacles         ||     5
   Stab: Sleeping          ||     3
 Armour: Skin              ||     1
  Dodge: Dodged            ||     9
